 Dungeon Crawl Stone Soup version 0.24-a0-464-g6b2be6b8c7 (webtiles) character file.

Game seed: 222363389727671628

137802 Kuinu the Severer (level 16, -17/161 HPs)
             Began as a Minotaur Berserker on July 3, 2019.
             Was an Elder of Trog.
             Demolished by an alligator snapping turtle (36 damage)
             ... on level 2 of the Shoals.
             The game lasted 01:04:32 (21816 turns).

Kuinu the Severer (Minotaur Berserker)             Turns: 21816, Time: 01:04:32

Health: -17/161    AC: 26    Str: 29    XL:     16   Next: 69%
Magic:  24/24      EV: 17    Int:  8    God:    Trog [****..]
Gold:   2813       SH:  0    Dex: 11    Spells: 15/15 levels left

rFire    + + .     SeeInvis +   P - +9 executioner's axe of Instinct {freeze, +Rage rN+++ Dex-4 SInv}
rCold    + . .     Gourm    .   (shield currently unavailable)
rNeg     + + +     Faith    .   b - +1 crystal plate armour of Oblivion {MP+9 Int+4 Stlth+} (curse)
rPois    +         Spirit   .   g - +2 hat
rElec    +         Reflect  .   (no cloak)
rCorr    +         Harm     .   (no gloves)
MR       +++..                  (no boots)
Stlth    ..........             S - amulet of regeneration
HPRegen  1.76/turn              p - ring of see invisible
MPRegen  0.19/turn              J - ring of protection from fire

@: agile, resistant, mesmerised, regenerating, hasted, very quick
A: retaliatory headbutt, horns 2, blink, poison resistance
a: Blink, Berserk, Trog's Hand, Brothers in Arms, Renounce Religion, Evoke
Berserk Rage


You were on level 2 of the Shoals.
You worshipped Trog.
Trog was greatly pleased with you.
You were hungry.

You visited 5 branches of the dungeon, and saw 26 of its levels.

You collected 2813 gold pieces.

Inventory:

Hand Weapons
 a - a +1 hand axe
 B - a +1 battleaxe
 C - a +3 hand axe of freezing
 H - a +3 antimagic broad axe
 M - a +1 hand axe of flaming
 N - a +3 vampiric executioner's axe
 P - the +9 executioner's axe of Instinct (weapon) {freeze, +Rage rN+++ Dex-4 SInv}
   (Trog gifted it to you on level 12 of the Dungeon)

   It has been specially enchanted to freeze those struck by it, causing extra
   injury to most foes and up to half again as much damage against particularly
   susceptible opponents.
   It can also slow down cold-blooded creatures.
   It affects your dexterity (-4).
   It renders you almost immune to negative energy.
   It lets you see invisible.
   It lets you go berserk.
 R - a +4 hand axe of chopping
 Z - the +5 executioner's axe "Lelozogh" {chop, rElec Dex+4 Stlth+}
   (Trog gifted it to you on level 5 of the Lair of Beasts)

   It inflicts extra damage upon your enemies.
   It affects your dexterity (+4).
   It insulates you from electricity.
   It makes you more stealthy.
Armour
 b - the cursed +1 crystal plate armour of Oblivion (worn) {MP+9 Int+4 Stlth+}
   (You found it on level 14 of the Dungeon)

   It affects your intelligence (+4).
   It affects your magic capacity (+9).
   It makes you more stealthy.
   It has a curse placed upon it.
 g - a +2 hat (worn)
 o - a +1 shield
 s - +0 ice dragon scales
 Q - the +1 buckler "Usimn" {rPois rF+ Int+6}
   (You found it on level 1 of the Shoals)

   It affects your intelligence (+6).
   It protects you from fire.
   It protects you from poison.
 X - a +1 hat
 Y - a +1 scale mail of poison resistance
Jewellery
 p - a ring of see invisible (left hand)
 J - a ring of protection from fire (right hand)
 L - a +4 amulet of reflection
 S - an amulet of regeneration (around neck)
 V - an uncursed ring of ice
Wands
 e - a wand of clouds (4)
 l - a wand of flame (14)
 q - a wand of digging (5)
 r - a wand of iceblast (22)
 E - a wand of random effects (33)
 O - a wand of enslavement (7)
 T - a wand of acid (7)
 W - a wand of disintegration (29)
Scrolls
 i - 3 scrolls of immolation
 j - 12 scrolls of remove curse
 k - 12 scrolls of teleportation
 n - 2 scrolls of enchant armour
 u - 9 scrolls of enchant weapon
 x - a scroll of silence {unknown}
 F - 2 scrolls of fog
 G - a scroll of identify
 I - a scroll of torment
 U - a scroll of brand weapon
Potions
 d - 5 potions of mutation
 f - 3 potions of flight
 m - 4 potions of agility
 t - 3 potions of haste
 v - 5 potions of berserk rage
 w - a potion of resistance
 z - 3 potions of degeneration
 A - 4 potions of cancellation
 D - 4 potions of brilliance
 K - a potion of lignification
Comestibles
 c - 43 rations
 h - a chunk of flesh


   Skills:
 * Level 19.4 Fighting
 * Level 19.4 Axes
 * Level 14.7 Armour
 + Level 13.4 Dodging
 - Level 7.5 Shields


You had 15 spell levels left.
You didn't know any spells.
Your spell library was empty.

Dungeon Overview and Level Annotations

Branches:
Dungeon (15/15)            Temple (0/1) D:7            Lair (6/6) D:11
 Shoals (2/4) Lair:3        Snake (1/4) Lair:3        Slime (0/5) Lair:5
    Orc (2/2) D:11            Elf (0/3) Orc:2        Vaults (0/5) D:14
 Depths (0/5) D:15

Altars:
Ashenzari
Cheibriados
Dithmenos
Elyvilon
Fedhas
Hepliaklqana
Kikubaaqudgha
Makhleb
Qazlal
Ru
Trog
Wu Jian
Xom
Yredelemnul
Zin
The Shining One
Beogh
Jiyva

Shops:
D:4 *   D:5 =   D:7 }   D:9 (   D:12 [   D:15 *   Orc:2 *!!*

Annotations:
D:14 3 runed translucent doors, Fati's ghost, journeyman CeHu
Lair:1 2 runed translucent doors, Ycsot's ghost, journeyman KoHu
Snake:1 exclusion: oklob plant


Innate Abilities, Weirdness & Mutations

You reflexively headbutt those who attack you in melee.
You have a pair of horns on your head.
You can translocate small distances at will.
Your system is resistant to poisons. (rPois)


Message History

You butcher the merfolk corpse of Ilsuiw.
Items here: % ) [ ÷ a +5 trident of freezing; a +0 robe; a chunk of flesh the merfolk skeleton of Ilsuiw The merfolk siren chants a haunting song.
You are mesmerised by the merfolk siren!
The alligator snapping turtle closely misses you.
You furiously retaliate!
You headbutt the alligator snapping turtle!
You see here a +0 spear.
There isn't anything to butcher here.
You slice the alligator snapping turtle!!
You freeze the alligator snapping turtle!
You headbutt the alligator snapping turtle, but do no damage.
The alligator snapping turtle is moderately wounded.
The merfolk siren chants its luring song.
The alligator snapping turtle closely misses you.
The merfolk siren chants its luring song.
The alligator snapping turtle bites you from afar!!!
You die...

≈≈≈≈≈≈≈≈≈≈≈≈≈≈
≈≈≈≈≈≈≈≈≈≈≈≈≈
≈≈≈≈≈≈≈≈≈≈≈≈ ≈≈≈≈m≈≈≈≈≈.
..≈≈≈≈. ≈≈≈≈≈≈≈...
...≈≈≈≈≈≈ ≈≈≈≈≈≈...
#.≈≈≈≈≈≈≈≈
≈≈≈≈≈.t)#####≈≈≈≈≈≈≈≈≈≈
≈≈≈....)@.....≈≈≈≈..≈≈≈≈
≈≈.........##..≈≈....≈...
≈≈≈≈.?.....#...≈≈...≈....
≈≈≈≈....).....≈≈≈..≈≈...#
≈≈≈≈........≈≈≈≈...≈...#
≈≈≈≈..##.≈...≈.≈≈..≈...##
≈≈≈≈.# #≈≈≈.≈≈.(...≈....#
≈≈≈≈. .≈≈≈≈≈≈..#...≈....#
≈≈≈ ..≈≈≈≈...###.......≈


You could see an alligator snapping turtle and a merfolk siren.

Vanquished Creatures
  Frances (D:12)
  Donald (Orc:2)
  Ilsuiw (Shoals:2)
  An orc warlord (Orc:2)
  Azrael (Orc:2)
  A fire dragon (Lair:6)
  Josephine (D:11)
  An ice dragon (D:15)
  A naga warrior (Snake:1)
  4 hydras
  3 catoblepae
  An ogre mage (D:15)
  A death knight (D:14)
  3 merfolk aquamancers (Shoals:1)
  3 centaur warriors
  12 two-headed ogres
  A satyr (Shoals:1)
  19 death yaks
  Urug (Orc:2)
  A shock serpent (Snake:1)
  6 orc high priests (Orc:2)
  9 skeletal warriors
  Sonja (Orc:1)
  A fire crab (Lair:6)
  3 unseen horrors
  A deep elf archer (D:14)
  Pikel (D:4)
  3 harpies (Shoals:1)
  13 ugly things
  A mana viper (Snake:1)
  3 cyclopes
  4 orc knights
  An oklob plant (Lair:4)
  6 manticores
  4 deep elf magi
  3 merfolk sirens
  2 orc sorcerers (Orc:2)
  A salamander (Snake:1)
  A naga mage (Snake:1)
  14 elephants
  4 fauns (Shoals:1)
  3 water nymphs (Shoals:1)
  Joseph (D:9)
  14 black mambas
  3 gargoyles
  10 centaur skeletons
  2 molten gargoyles (Lair:6)
  9 spiny frogs
  3 kobold demonologists
  9 komodo dragons
  5 rime drakes
  3 yaktaurs (D:14)
  A polar bear (Lair:5)
  3 meliai (D:15)
  3 merfolk (Shoals:1)
  A meliai (shapeshifter) (D:15)
  10 trolls
  11 dream sheep (Lair:5)
  A hornet (D:8)
  10 blink frogs
  13 hippogriffs
  A snapping turtle (Shoals:1)
  2 shadows
  7 wraiths
  4 water elementals (Shoals:1)
  7 wyverns
  28 yaks
  6 basilisks
  2 hungry ghosts
  2 fire elementals
  A steam dragon (Lair:6)
  9 wargs
  2 nagas (Snake:1)
  2 acid dragons
  8 hell hounds
  15 water moccasins
  9 porcupines
  30 orc warriors
  3 ice beasts
  4 sky beasts
  3 eyes of draining (D:11)
  A black bear (D:8)
  19 ogres
  2 phantoms
  2 wolves (D:11)
  16 centaurs
  16 crocodiles
  2 big kobolds (D:13)
  A wyvern zombie (D:12)
  17 bullfrogs
  A gnoll sergeant (D:10)
  2 elf skeletons (D:11)
  2 wyvern skeletons
  6 killer bees (D:7)
  5 scorpions
  2 vampire bats (D:6)
  6 howler monkeys
  13 wights
  4 electric eels (D:11)
  10 crimson imps
  4 centaur zombies
  5 lava snakes (Lair:6)
  7 hounds
  3 jellies
  35 orc priests
  A human skeleton (D:11)
  A bullfrog skeleton (D:12)
  3 human zombies (D:11)
  Jessica (D:2)
  2 iguanas
  Natasha (thrice) (D:3)
  20 orc wizards
  10 worker ants
  A killer bee zombie (D:6)
  An ogre zombie (D:11)
  A hound zombie (D:11)
  3 hound skeletons
  A mummy (D:11)
  A howler monkey zombie (D:7)
  A worker ant zombie (D:8)
  17 gnolls
  14 adders
  3 shadow imps
  2 oozes
  3 worms
  3 dart slugs
  5 leopard geckos
  124 orcs
  A bat skeleton (D:6)
  4 bat zombies (D:6)
  5 giant cockroaches
  7 goblins
  6 hobgoblins
  6 jackals
  5 quokkas
  A ball python (D:5)
  6 bats
  6 frilled lizards
  8 kobolds
  A leopard gecko skeleton (D:6)
  An orc zombie (D:11)
  15 rats
  3 fungi
  3 plants
880 creatures vanquished.

Vanquished Creatures (collateral kills)
  Polyphemus (Shoals:2)
  A merfolk impaler (Shoals:2)
  A naga warrior (Snake:1)
  An ice dragon (D:15)
  A merfolk aquamancer (Shoals:1)
  2 death yaks (Shoals:2)
  An orc high priest (Orc:2)
  2 harpies (Shoals:1)
  A faun (Shoals:1)
  A salamander (Snake:1)
  A black mamba (Snake:1)
  A molten gargoyle (Lair:6)
  A naga mage (Snake:1)
  A merfolk (Shoals:1)
  A wind drake (Shoals:1)
  A snapping turtle (Shoals:1)
  3 water elementals (Shoals:1)
  3 yaks (D:11)
  A naga (Snake:1)
  A soldier ant (D:11)
  A hell hound (Lair:6)
  An ice beast (D:11)
  2 wolves (D:11)
  An electric eel (D:11)
  4 orc priests
  2 hounds (D:11)
  2 gnolls (D:11)
  4 orcs
43 creatures vanquished.

Vanquished Creatures (others)
  A slave (D:4)
  A gnoll (D:11)
  A shadow imp (D:10)
  An orc (Orc:2)
  A frilled lizard (D:4)
  4 fungi (Lair:5)
9 creatures vanquished.

Grand Total: 932 creatures vanquished

Notes
Turn   | Place    | Note
-------+----------+-------------------------------------------
     0 | D:1      | Kuinu the Minotaur Berserker began the quest for the Orb.
     0 | D:1      | Reached XP level 1. HP: 19/19 MP: 0/0
    77 | D:1      | Reached XP level 2. HP: 27/27 MP: 1/1
   266 | D:1      | Reached XP level 3. HP: 33/33 MP: 2/2
   758 | D:2      | Reached ** piety under Trog
   765 | D:2      | Reached XP level 4. HP: 25/41 MP: 3/3
   913 | D:2      | Noticed Jessica
   923 | D:2      | Killed Jessica
   949 | D:2      | Found an ornate altar of the Wu Jian Council.
  1005 | D:2      | Reached skill level 5 in Axes
  1006 | D:2      | Reached XP level 5. HP: 47/47 MP: 4/4
  1009 | D:2      | Reached skill level 5 in Fighting
  1261 | D:3      | Found a shadowy altar of Dithmenos.
  1326 | D:3      | Noticed Natasha
  1331 | D:3      | Killed Natasha
  1337 | D:3      | Reached XP level 6. HP: 49/56 MP: 5/5
  1339 | D:3      | Reached *** piety under Trog
  1370 | D:3      | Found a stormy altar of Qazlal.
  1390 | D:3      | Noticed Natasha
  1395 | D:3      | HP: 4/84 [orc/+0 hand axe (2)]
  1405 | D:3      | Killed Natasha
  1417 | D:3      | Noticed Natasha
  1424 | D:3      | Gained mutation: Your system is resistant to poisons.
                  | (rPois) [potion of mutation]
  1424 | D:3      | Gained mutation: You are agile. (Dex +2) [potion of
                  | mutation]
  1424 | D:3      | Lost mutation: You are agile. (Dex +2) [potion of mutation]
  1424 | D:3      | Gained mutation: You can translocate small distances at
                  | will. [potion of mutation]
  1430 | D:3      | Killed Natasha
  1626 | D:3      | Found a white marble altar of Elyvilon.
  1726 | D:3      | Found a basalt altar of Yredelemnul.
  1886 | D:4      | Noticed Pikel
  1886 | D:4      | Noticed a slave
  1898 | D:4      | Killed Pikel
  1898 | D:4      | Reached XP level 7. HP: 66/66 MP: 6/6
  2139 | D:4      | Found a glowing silver altar of Zin.
  2139 | D:4      | Found a shattered altar of Ashenzari.
  2299 | D:4      | Found Wisioly's Assorted Antiques.
  2378 | D:4      | Reached XP level 8. HP: 73/73 MP: 7/7
  2379 | D:4      | Found a sacrificial altar of Ru.
  2416 | D:4      | Reached skill level 5 in Armour
  2416 | D:4      | Reached skill level 1 in Shields
  2504 | D:4      | Found a burning altar of Makhleb.
  2648 | D:5      | Entered Level 5 of the Dungeon
  2655 | D:5      | Reached **** piety under Trog
  2664 | D:5      | Noticed a hippogriff
  2676 | D:5      | Killed a hippogriff
  2676 | D:5      | Reached skill level 5 in Dodging
  2742 | D:5      | Noticed a hippogriff
  2752 | D:5      | Killed a hippogriff
  2898 | D:5      | Reached XP level 9. HP: 64/82 MP: 8/8
  3053 | D:5      | Found Verywath's Jewellery Shop.
  3395 | D:6      | Found an ancient bone altar of Kikubaaqudgha.
  3786 | D:7      | Found Ulas Cofroew's Gadget Emporium.
  3867 | D:7      | Reached ***** piety under Trog
  3929 | D:7      | Found a staircase to the Ecumenical Temple.
  4154 | D:7      | Reached skill level 10 in Axes
  4165 | D:7      | Reached skill level 10 in Fighting
  4579 | D:7      | Found a shimmering altar of Xom.
  4593 | D:7      | Reached XP level 10. HP: 93/93 MP: 9/9
  4903 | D:8      | Found a glowing golden altar of the Shining One.
  4973 | D:8      | Noticed a two-headed ogre
  4979 | D:8      | Killed a two-headed ogre
  5193 | D:8      | Found a blossoming altar of Fedhas.
  5645 | D:9      | Noticed Joseph
  5658 | D:9      | Killed Joseph
  5800 | D:9      | Found Ynomou's Weapon Shoppe.
  5978 | D:9      | Noticed a moth of wrath
  5982 | D:9      | Found a bloodstained altar of Trog.
  5988 | D:9      | Received a gift from Trog
  6243 | D:10     | Entered Level 10 of the Dungeon
  6300 | D:10     | Noticed a two-headed ogre
  6309 | D:10     | Killed a two-headed ogre
  6321 | D:10     | Noticed a two-headed ogre
  6328 | D:10     | Killed a two-headed ogre
  6328 | D:10     | Reached XP level 11. HP: 30/104 MP: 3/10
  6370 | D:10     | Reached skill level 5 in Shields
  6525 | D:10     | Noticed a two-headed ogre
  6536 | D:10     | Killed a two-headed ogre
  7104 | D:11     | Noticed a red ugly thing
  7113 | D:11     | Killed a red ugly thing
  7674 | D:11     | Found a staircase to the Lair.
  7896 | D:11     | Noticed Josephine
  7912 | D:11     | Killed Josephine
  7988 | D:11     | Found a staircase to the Orcish Mines.
  7994 | D:11     | Reached XP level 12. HP: 115/115 MP: 3/11
  8168 | D:11     | Found a basalt altar of Yredelemnul.
  8226 | D:11     | Got a scorched rapier
  8229 | D:11     | Identified the cursed +0 rapier "Zeate" {protect, SInv
                  | Stlth+} (You found it on level 11 of the Dungeon)
  8381 | D:12     | Noticed Frances
  8399 | D:12     | Killed Frances
  8466 | D:12     | Noticed a two-headed ogre
  8472 | D:12     | Killed a two-headed ogre
  8701 | D:12     | Noticed a two-headed ogre
  8717 | D:12     | Found Fito's Armour Emporium.
  8722 | D:12     | Killed a two-headed ogre
  8722 | D:12     | Received a gift from Trog
  8734 | D:12     | Got a shimmering executioner's axe {god gift}
  8740 | D:12     | Identified the +9 executioner's axe of Instinct {freeze,
                  | +Rage rN+++ Dex-4 SInv} (Trog gifted it to you on level 12
                  | of the Dungeon)
  8783 | D:12     | Reached skill level 10 in Armour
  9758 | D:13     | Noticed a centaur warrior
  9771 | D:13     | Killed a centaur warrior
  9774 | D:13     | Reached XP level 13. HP: 86/125 MP: 12/12
  9910 | D:13     | Reached skill level 10 in Dodging
 10586 | D:14     | Received a gift from Trog
 10628 | D:14     | Reached skill level 15 in Axes
 10653 | D:14     | Found a snail-covered altar of Cheibriados.
 10668 | D:14     | Reached skill level 15 in Fighting
 10907 | D:14     | Received a gift from Trog
 11213 | D:14     | Found a gate to the Vaults.
 11386 | D:14     | Got a transparent crystal plate armour
 11397 | D:14     | Identified the cursed +1 crystal plate armour of Oblivion
                  | {MP+9 Int+4 Stlth+} (You found it on level 14 of the
                  | Dungeon)
 11765 | D:14     | Found a runed translucent gate.
 11765 | D:14     | Found a runed translucent gate.
 11765 | D:14     | Found a runed translucent gate.
 11794 | D:14     | Noticed Fati's ghost (journeyman CeHu)
 11831 | D:15     | Entered Level 15 of the Dungeon
 11887 | D:15     | Found a staircase to the Depths.
 12027 | D:15     | Found Ryigin's Assorted Antiques.
 12194 | D:15     | Reached XP level 14. HP: 69/136 MP: 13/13
 12949 | Lair:1   | Entered Level 1 of the Lair of Beasts
 13053 | Lair:1   | Found a large runed translucent door.
 13094 | Lair:1   | Found a large runed translucent door.
 13431 | Lair:1   | Noticed Ycsot's ghost (journeyman KoHu)
 13722 | Lair:2   | You fall into a shaft and drop 1 floor!
 13865 | Lair:3   | Found a staircase to the Snake Pit.
 14196 | Lair:3   | Found a staircase to the Shoals.
 15608 | Lair:5   | Reached XP level 15. HP: 105/147 MP: 14/14
 15657 | Lair:5   | Received a gift from Trog
 15670 | Lair:5   | Got a steaming executioner's axe {god gift}
 15671 | Lair:5   | Identified the +5 executioner's axe "Lelozogh" {chop, rElec
                  | Dex+4 Stlth+} (Trog gifted it to you on level 5 of the Lair
                  | of Beasts)
 15794 | Lair:5   | You fall into a shaft and drop 1 floor!
 15794 | Lair:6   | Entered Level 6 of the Lair of Beasts
 16409 | Lair:6   | Found a large runed translucent door.
 16410 | Lair:6   | Found a large runed translucent door.
 16469 | Lair:6   | Received a gift from Trog
 16973 | Lair:6   | Identified the Tome of Mutagenic Beguiling
 17468 | Lair:5   | Found a staircase to the Slime Pits.
 17469 | Lair:5   | Found a viscous altar of Jiyva.
 18067 | Lair:2   | Found the +8 whip "Snakebite" {curare, rPois}
 18266 | Orc:1    | Entered Level 1 of the Orcish Mines
 18576 | Orc:1    | Received a gift from Trog
 18588 | Orc:1    | Noticed Sonja
 18607 | Orc:1    | Killed Sonja
 18849 | Orc:2    | Entered Level 2 of the Orcish Mines
 18865 | Orc:2    | Noticed Azrael
 19025 | Orc:2    | Killed Azrael
 19189 | Orc:2    | Noticed Donald
 19202 | Orc:2    | Killed Donald
 19213 | Orc:2    | Noticed Urug
 19223 | Orc:2    | Killed Urug
 19223 | Orc:2    | Reached XP level 16. HP: 52/159 MP: 15/15
 19235 | Orc:2    | HP: 11/238 [orc priest/divine providence (13)]
 19277 | Orc:2    | Received a gift from Trog
 19312 | Orc:2    | HP: 6/159 [orc priest/divine providence (16)]
 19617 | Orc:2    | Found Qossoam's Distillery.
 19619 | Orc:2    | Found Hiwutoot's General Store.
 19647 | Orc:2    | Found a staircase to the Elven Halls.
 19947 | Orc:2    | Found Qecij's Distillery.
 19947 | Orc:2    | Found Huppulug's General Store.
 19971 | Orc:2    | Found a roughly hewn altar of Beogh.
 20216 | Snake:1  | Entered Level 1 of the Snake Pit
 20240 | Snake:1  | Received a gift from Trog
 20445 | Snake:1  | Found a hazy altar of Hepliaklqana.
 20686 | Shoals:1 | Entered Level 1 of the Shoals
 20845 | Shoals:1 | Got a brightly glowing buckler
 20846 | Shoals:1 | Identified the +1 buckler "Usimn" {rPois rF+ Int+6} (You
                  | found it on level 1 of the Shoals)
 20873 | Shoals:1 | HP: 4/160 [water nymph/the raging water (11)]
 21757 | Shoals:2 | Noticed Polyphemus
 21769 | Shoals:2 | Killed Polyphemus
 21779 | Shoals:2 | Noticed Ilsuiw
 21801 | Shoals:2 | HP: 5/160 [alligator snapping turtle (18)]
 21806 | Shoals:2 | Killed Ilsuiw
 21816 | Shoals:2 | Demolished by an alligator snapping turtle

Levels and vault maps discovered:
D:1:      shiori_arrival_maze, layout_basic
D:2:      layout_rooms, lemuel_round_altar, nrook_mini_vaults,
          kennysheep_jessica_study
D:3:      layout_rooms, grunt_dithmenos_smoke, lemuel_coloured_pillars_altar,
          elyvilon_altar_4, overflow_temple_1_default, uniq_natasha
D:4:      layout_loops_ring, gammafunk_temple_overflow_elements,
          lemuel_doored_altar, lemuel_round_altar, serial_shops,
          nicolae_shop_behind_doors, uniq_pikel
D:5:      cheibrodos_fzero, layout_rooms, serial_shops, shop, first_ration
D:6:      layout_cave_pools, kennysheep_vampire_church
D:7:      layout_loops_cross, nicolae_overflow_crystal_walls,
          minmay_temple_entry_antechambers, serial_shops, shop, grunt_ogre_cave
D:8:      layout_gridville, fedhas_altar_2, tso_oasis_becter
D:9:      layout_irregular_city, tgw_trog, serial_shops,
          nicolae_shop_behind_doors, uniq_joseph
D:10:     layout_small_grid, lemuel_old_faithful
D:11:     lemuel_upstairs_altar, layout_irregular_city, erik_lair_island,
          david_orc_2, lemuel_mausoleum_altar_yredelemnul, uniq_josephine
D:12:     layout_roguey, serial_shops, shop, dk_vineyard_2,
          ebering_dispersal_statue_hall, uniq_frances
D:13:     layout_loops_ring
D:14:     layout_long_grid, hangedman_vaults_entry_quadrant_bands,
          gammafunk_ghost_necromancy, cheibriados_altar_1
D:15:     grunt_enter_depths_hoard, layout_basic, moated_statue, serial_shops,
          nicolae_shop_waterfront
Lair:1:   layout_misc_corridors, ebering_ghost_disaster_area
Lair:2:   minmay_guarded_unrand_snakebite, layout_misc_corridors,
          grunt_megastairs_4, lemuel_fruit_fields
Lair:3:   layout_cave_shapes, minmay_shoals_entry_centaurs, dummy_snake_entry,
          lemuel_fruit_tree, grunt_megastairs_3
Lair:4:   layout_small_grid
Lair:5:   layout_loops_ring, slime_altar_1, kennysheep_catoblepas_arena
Lair:6:   cheibrodos_lair_end_hotspot, layout_regular_city
Shoals:1: layout_shoals, abandoned_shop, nicolae_shoals_water_shrine
Shoals:2: layout_shoals, uniq_polyphemus, uniq_ilsuiw
Snake:1:  layout_basic, lemuel_oklob_altar, grunt_megastairs_1
Orc:1:    cheibrodos_orc_guarddog, layout_diamond_mine, uniq_sonja
Orc:2:    st_orc_town, layout_caves, uniq_urug, uniq_azrael, uniq_donald

Skill      XL: |  1  2  3  4  5  6  7  8  9 10 11 12 13 14 15 16 |
---------------+-------------------------------------------------+-----
Fighting       | 4 5 7 8 10 11 13 14 15 17 18 19 | 19.4
Axes           | 4 5 7 8 10 11 13 14 16 17 18 19 | 19.4
Armour         | 3 4 5 7 8 9 10 11 12 13 14 | 14.7
Dodging        | 3 4 5 6 7 8 9 10 11 12 13 | 13.4
Shields        | 3 4 6 7 |  7.5

Action                   |  1- 3 |  4- 6 |  7- 9 | 10-12 | 13-15 | 16-18 || total
-------------------------+-------+-------+-------+-------+-------+-------++-------
Melee: Hand axe          |    55 |   107 |   284 |       |       |       ||   446
       Headbutt          |    10 |    21 |    63 |   103 |   123 |    39 ||   359
       Battleaxe         |       |       |    45 |   115 |       |       ||   160
       Broad axe         |       |       |       |   289 |       |       ||   289
       Executioner's axe |       |       |       |   100 |   717 |   207 ||  1024
Invok: Berserk           |     1 |     3 |     2 |    12 |    18 |     3 ||    39
       Trog's Hand       |       |     2 |     1 |     5 |    17 |     9 ||    34
       Brothers in Arms  |       |       |       |     1 |     3 |     6 ||    10
 Abil: Evoke Berserk Rag |       |       |       |       |       |     1 ||     1
  Use: Potion            |       |     4 |       |       |     8 |    17 ||    29
       Scroll            |       |       |    12 |    10 |     9 |     9 ||    40
 Stab: Petrified         |       |       |       |       |     1 |       ||     1
       Distracted        |       |       |       |       |       |     1 ||     1
  Eat: Chunk             |       |     7 |    12 |    26 |    39 |    14 ||    98
       Ration            |       |       |       |     4 |     5 |     1 ||    10
Armor: Animal skin       |     6 |       |       |       |       |       ||     6
       Chain mail        |    11 |    69 |   164 |    60 |       |       ||   304
       Plate armour      |       |       |       |   135 |    83 |       ||   218
       Crystal plate arm |       |       |       |       |   548 |   219 ||   767
Dodge: Dodged            |    36 |    65 |   130 |   260 |   409 |   157 ||  1057
Block: Shield            |       |       |   118 |   155 |       |       ||   273

Table legend:
 A = Non-vault XP
 B = Vault XP
 C = Vault XP percentage of total XP
 D = Non-vault monster count
 E = Vault monster count
 F = Vault count percentage of total count
                 A         B        C        D         E       F
            +---------+---------+-------+---------+---------+-------
      Total |  143974 |   52886 |  26.9 |     704 |     213 |  23.2
            +---------+---------+-------+---------+---------+-------
        D:1 |      31 |      16 |  34.0 |      17 |       2 |  10.5
        D:2 |     172 |      39 |  18.5 |      29 |       2 |   6.5
        D:3 |     240 |      35 |  12.7 |      31 |       1 |   3.1
        D:4 |     402 |     651 |  61.8 |      25 |       1 |   3.8
        D:5 |     618 |     778 |  55.7 |      17 |      12 |  41.4
        D:6 |     650 |     125 |  16.1 |      17 |       7 |  29.2
        D:7 |    1649 |     125 |   7.0 |      34 |       1 |   2.9
        D:8 |    2383 |       0 |   0.0 |      19 |       0 |   0.0
        D:9 |     939 |     474 |  33.5 |      12 |       6 |  33.3
       D:10 |    4108 |       0 |   0.0 |      22 |       0 |   0.0
       D:11 |    7093 |    3265 |  31.5 |      51 |      30 |  37.0
       D:12 |    7886 |    2107 |  21.1 |      42 |       1 |   2.3
       D:13 |    7240 |       0 |   0.0 |      33 |       0 |   0.0
       D:14 |   10041 |    6658 |  39.9 |      26 |      15 |  36.6
       D:15 |   20310 |    1504 |   6.9 |      49 |       2 |   3.9
     Lair:1 |    4947 |       0 |   0.0 |      20 |       0 |   0.0
     Lair:2 |    1005 |    2130 |  67.9 |       4 |      13 |  76.5
     Lair:3 |    3367 |     370 |   9.9 |      14 |       3 |  17.6
     Lair:4 |    6232 |       0 |   0.0 |      21 |       0 |   0.0
     Lair:5 |   13544 |    1679 |  11.0 |      37 |       3 |   7.5
     Lair:6 |   20010 |    8365 |  29.5 |      37 |      29 |  43.9
   Shoals:1 |   12745 |    3628 |  22.2 |      30 |       8 |  21.1
   Shoals:2 |       0 |    7241 | 100.0 |       0 |       8 | 100.0
    Snake:1 |    7268 |       0 |   0.0 |      16 |       0 |   0.0
      Orc:1 |    3266 |    1668 |  33.8 |      43 |       6 |  12.2
      Orc:2 |    7828 |   12028 |  60.6 |      58 |      63 |  52.1
            +---------+---------+-------+---------+---------+-------
